 Dungeon Crawl Stone Soup version 0.29-a0-323-g050149af67 (webtiles) character file.

Game seed: 4830135920567950421

14 Jortsu the Vandal (level 2, 27/27 HPs)
             Began as a Troll Hunter on Apr 11, 2022.
             Was a Follower of Kikubaaqudgha.
             Quit the game on level 1 of the Dungeon.
             The game lasted 00:00:28 (86 turns).

Jortsu the Vandal (Troll Hunter)                      Turns: 86, Time: 00:00:29

Health: 27/27      AC:  4    Str: 18    XL:     2   Next: 27%
Magic:  1/1        EV: 10    Int:  5    God:    Kikubaaqudgha [*.....]
Gold:   11         SH:  0    Dex: 13    Spells: 1/1 levels left

rFire   . . .      SeeInvis .   (no weapon)
rCold   . . .      Faith    .   (no shield)
rNeg    . . .      Spirit   .   b - +0 robe
rPois   .          Reflect  .   (helmet restricted)
rElec   .          Harm     .   (no cloak)
rCorr   .          Rampage  .   (gloves unavailable)
Will    .....                   (boots unavailable)
Stlth   +.........              (no amulet)
HPRegen 0.89/turn               (no ring)
MPRegen 0.07/turn               (no ring)

@: no status effects
A: large, unfitting armour, claws 3, regeneration 1, shaggy fur 1, tough skin 1
a: Renounce Religion, Receive Corpses


You were on level 1 of the Dungeon.
You worshipped Kikubaaqudgha.
Kikubaaqudgha was aware of your devotion.
You visited 1 branch of the dungeon, and saw 1 of its levels.

You collected 11 gold pieces.

Inventory:

Hand Weapons
 a - a +1 hunting sling
Armour
 b - a +0 robe (worn)
Scrolls
 c - a scroll of immolation


   Skills:
 + Level 1.6 Fighting
 + Level 3.0 Slings
 + Level 1.6 Dodging
 + Level 0.3 Stealth
 + Level 0.1 Unarmed Combat


You had one spell level left.
You didn't know any spells.
Your spell library contained the following spells:

 Spells                   Type           Power      Damage    Failure   Level
 Animate Skeleton         Necr           0%         N/A       47%         1
 Sublimation of Blood     Necr           0%         N/A       63%         2
 Vampiric Draining        Necr           0%         2d6       85%         3
 Agony                    Necr           0%         N/A       100%        5


Dungeon Overview and Level Annotations

Branches:
Dungeon (1/15)

Altars:
Kikubaaqudgha


Innate Abilities, Weirdness & Mutations

You are too large for most types of armour.
You have claws for hands.
Your natural rate of healing is unusually fast.
You are covered in fur. (AC +1)
You have tough skin. (AC +1)


Message History

You claw the rat!
You kill the rat!
You barely miss the goblin. Your claw misses the goblin.
The goblin hits you but does no damage.
You scratch the goblin but do no damage.
The goblin hits you but does no damage.
You closely miss the goblin. The goblin hits you but does no damage.
You scratch the goblin but do no damage.
The goblin hits you with a +0 club.
You scratch the goblin.
You kill the goblin!
You scratch the rat but do no damage. The rat barely misses you.
You barely miss the rat. The rat bites you but does no damage.
You scratch the rat.
The rat is severely wounded.
The rat barely misses you.
You scratch the rat.
You kill the rat!
You scratch the hobgoblin.
The hobgoblin is moderately wounded.
The hobgoblin misses you.
You scratch the hobgoblin.
The hobgoblin is severely wounded.
The hobgoblin barely misses you.
You scratch the hobgoblin.
You kill the hobgoblin!
Items here: ) ††††.
You see here a jackal corpse.
You now have 11 gold pieces.
A kobold comes into view. It is wielding a +0 dagger.
There is a faded altar of an unknown god here.
You cannot tell which god this altar belongs to.
Convert to them anyway?
Kikubaaqudgha accepts your prayer! Kikubaaqudgha welcomes you!
You can now receive cadavers from Kikubaaqudgha.
Kikubaaqudgha grants you a gift!
You add the spells Animate Skeleton, Sublimation of Blood, Vampiric Draining and Agony to your library.
Unknown command.
Press < or > to pray at altars.
Are you sure you want to abandon this character and quit the game? (Confirm with "yes".)

.....## ### .......
#..# ....... #...#
....... ....#
....... #...##
.......
#...#####.......
#..............
#^@............
#......†##+#+####
#...####..........
#...##.........)...
...K##..#....#...##
....# ##)#..#.###.#
....# #.####...# #
.... #.....##.#
#.....)..#


You could see a kobold.

Vanquished Creatures
  2 goblins (D:1)
  3 hobgoblins (D:1)
  4 jackals (D:1)
  2 rats (D:1)
11 creatures vanquished.

Notes
Turn   | Place    | Note
-------+----------+-------------------------------------------
     0 | D:1      | Jortsu the Troll Hunter began the quest for the Orb.
     0 | D:1      | Reached XP level 1. HP: 19/19 MP: 0/0
    28 | D:1      | Found a faded altar of an unknown god.
    55 | D:1      | Reached skill level 3 in Slings
    55 | D:1      | Reached XP level 2. HP: 20/27 MP: 1/1
    85 | D:1      | Prayed at the altar of an unknown god.
    85 | D:1      | Became a worshipper of Kikubaaqudgha
    85 | D:1      | Reached * piety under Kikubaaqudgha
    85 | D:1      | Received a gift from Kikubaaqudgha
    86 | D:1      | Quit the game

Illustrated notes

Levels and vault maps discovered:
D:1:      psy_arrival_radial01, layout_basic,
          hellmonk_ecumenical_altar_crossroads

Skill      XL: |  1 |
---------------+----+-----
Slings         | 3 |  3.0
Fighting       | |  1.6
Dodging        | |  1.6
Stealth        | |  0.3
Unarmed Combat | |  0.1

Action                   || total
-------------------------++-------
Melee: Unarmed           ||    36
Armor: Robe              ||    27
Dodge: Dodged            ||    43

Table legend: (Time is in decaauts)
 A = Elapsed time spent in this place.
 B = Non-inter-level travel time spent in this place.
 C = Inter-level travel time spent in this place.
 D = Time resting spent in this place.
 E = Time spent auto-exploring this place.
 F = Levels seen in this place.
 G = Mean time per level.
                   A        B        C        D        E       F      G
               +--------+--------+--------+--------+--------+-----+--------+
         Total |     85 |     85 |      0 |      0 |     15 |   1 |   85.0 |
       Dungeon |     85 |     85 |      0 |      0 |     15 |   1 |   85.0 |
               +--------+--------+--------+--------+--------+-----+--------+

Top non-repeatable levels by time:
     D:1: 85 daAuts
